 Dungeon Crawl Stone Soup version 0.30-a0-125-g51eefa89be (webtiles) character file.

Game seed: 13047099780520562507

406 juncz the Magician (level 7, -6/53 HPs)
             Began as a Djinni Conjurer on Sept 18, 2022.
             Mangled by Duvessa
             ... wielding a +0 short sword
              (7 damage)
             ... on level 5 of the Dungeon.
             The game lasted 00:19:01 (6321 turns).

juncz the Magician (Djinni Conjurer)                Turns: 6321, Time: 00:19:02

Health: -6/53      AC:  4    Str: 12    XL:     7   Next: 12%
Gold:   25         EV: 12    Int: 21    God:
                   SH:  0    Dex: 12

rFire   + + .      SeeInvis .    k - staff of cold
rCold   . . .      Faith    .    (no shield)
rNeg    . . .      Spirit   .    a - +0 robe
rPois   ∞          Reflect  .    q - +1 helmet
rElec   .          Harm     .    (no cloak)
rCorr   .          Rampage  .    (no gloves)
Will    +....                    (boots unavailable)
Stlth   ++........               x - amulet of the acrobat
HPRegen 0.17/turn                e - +6 ring of strength
MPRegen 0.00/turn                y - ring of willpower

@: flying, very slightly contaminated
A: sickness immunity, fire resistance 2, cold vulnerability 1, float, innate
caster, HP casting, extra vitality 1
a: no special abilities


You were on level 5 of the Dungeon.
You visited 1 branch of the dungeon, and saw 5 of its levels.

You collected 155 gold pieces.
You spent 130 gold pieces at shops.

Inventory:

Missiles
 f - 63 stones (quivered)
Armour
 a - a +0 robe (worn)
 q - a +1 helmet (worn)
Magical Staves
 k - a staff of cold (weapon)
Jewellery
 e - a +6 ring of strength (left hand)
 m - a +6 ring of strength
 x - an amulet of the acrobat (around neck)
 y - a ring of willpower (right hand)
 C - the ring "Putag" {*Slow rPois Str+6 Dex+4 Stlth+}
   (You bought it in a shop on level 2 of the Dungeon)

   [ring of strength]

   Str:       It affects your strength (+6).
   Dex:       It affects your dexterity (+4).
   rPois:     It protects you from poison.
   *Slow:     It may slow you when you take damage.
   Stlth:     It makes you more stealthy.
Wands
 u - a wand of paralysis (7)
 z - a wand of polymorph (8)
Scrolls
 d - a scroll of magic mapping
 j - a scroll of noise {unknown}
 l - 2 scrolls of amnesia {unknown}
 o - a scroll of fear {unknown}
 p - a scroll of enchant weapon {unknown}
 r - a scroll of fog {unknown}
 t - 2 scrolls of vulnerability {unknown}
 v - a scroll of blinking {unknown}
 w - 2 scrolls of silence {unknown}
Potions
 b - 4 potions of curing
 c - a potion of brilliance {unknown}
 g - a potion of ambrosia {unknown}
 h - 2 potions of flight {unknown}
 i - a potion of resistance {unknown}
 n - a potion of mutation {unknown}
 s - a potion of degeneration {unknown}
 A - a potion of might {unknown}
 B - a potion of attraction {unknown}


   Skills:
 + Level 4.4 Fighting
 - Level 2.2 Dodging
 - Level 1.6 Stealth
 + Level 1.2 Shields
 + Level 4.8 Spellcasting


You couldn't memorise any spells.
You knew the following spells:

 Your Spells              Type           Power      Damage    Failure   Level
a - Magic Dart            Conj           100%       1d8       1%          1
b - Searing Ray           Conj           50%        2d6       2%          2
c - Dazzling Flash        Conj/Hex       50%        N/A       4%          3
d - Fulminant Prism       Conj/Hex       12%        3d9       14%         4
e - Iskenderun's Mystic   Conj/Tloc      25%        2d7       14%         4
f - Apportation           Tloc           50%        N/A       1%          1
g - Scorch                Fire           50%        2d7       2%          2
h - Vampiric Draining     Necr           25%        2d7       4%          3
Your spell library was empty.

Dungeon Overview and Level Annotations

Branches:
Dungeon (5/15)
 Temple: D:4-7

Altars:
Elyvilon
The Shining One

Shops:
D:2 **::!

Annotations:
D:2 Sigmund
D:5 Duvessa


Innate Abilities, Weirdness & Mutations

You are immune to sickness and miasma.
You are immune to poison.
Your flesh is very heat resistant. (rF++)
You are vulnerable to cold. (rC-)
You float through the air rather than walking.
You learn spells naturally, not from books.
Your magical power is your life essence.
You have superior vitality. (+4 MHP)


Message History

Duvessa goes berserk!
Duvessa hits you with a +0 short sword.
Your Shields skill increases to level 1!
You have reached level 7!
The power to cast Vampiric Draining wells up from within.
Spell assigned to 'h'.
Casting: Scorch (safe; 2% risk of failure)
Confirm with . or Enter, or press ? or * to list all spells.
Flames lash Duvessa.
Duvessa is burned terribly!
Duvessa is heavily wounded.
Duvessa misses you. Duvessa closely misses you.
Casting: Scorch (safe; 2% risk of failure)
Confirm with . or Enter, or press ? or * to list all spells.
Flames lash Duvessa.
Duvessa is burned terribly!
Duvessa is almost dead.
Duvessa hits you with a +0 short sword!
Your magical contamination has completely faded away.
Casting: Scorch (safe; 2% risk of failure)
Confirm with . or Enter, or press ? or * to list all spells.
Aiming: Vampiric Draining (dangerous; 4% risk of failure)
Press: ? - help, Shift-Dir - straight line, f/p - Duvessa
Aim: Duvessa, wielding a +0 short sword and wearing a +0 ring mail (almost dead, berserk, more vulnerable to fire)
You miscast Vampiric Draining.
You are very lightly contaminated with residual magic.
Nothing appears to happen.
* * * LOW HITPOINT WARNING * * *
Duvessa completely misses you. Duvessa hits you with a +0 short sword!
* * * LOW HITPOINT WARNING * * *
Casting: Vampiric Draining (dangerous; 4% risk of failure)
Confirm with . or Enter, or press ? or * to list all spells.
Aiming: Magic Dart (safe; 1% risk of failure)
Press: ? - help, Shift-Dir - straight line, f/p - Duvessa
Aim: Duvessa, wielding a +0 short sword and wearing a +0 ring mail (almost dead, berserk, more vulnerable to fire, 100% to hit)
The magic dart hits Duvessa!
Duvessa is almost dead.
* * * LOW HITPOINT WARNING * * *
Duvessa closely misses you.
You barely miss Duvessa.
Duvessa is almost dead.
Duvessa hits you with a +0 short sword!
You die...

#.. # #.# .####
#.# ######e....
#.# #..........
#.# #.#........
#.# #.#)# #.#
#.#e# ###.# #.#@#
#...# #.#.#
#.#######.#.######
#.<..............#
#.##.######..###.#
#[##.# #..# #.##.#
#..# #.##.# ....
#.##.# #....


You could see Duvessa (berserk, combustible).

Vanquished Creatures
  A phantom (D:3)
  Dowan (D:5)
  An orc priest (D:3)
  A jelly (D:4)
  Natasha (thrice) (D:4)
  An orc wizard (D:3)
  3 adders
  2 worms
  5 dart slugs
  3 orcs (D:3)
  2 endoplasms
  2 giant cockroaches
  11 goblins
  3 hobgoblins
  7 jackals (D:1)
  3 quokkas
  6 ball pythons
  4 bats
  A frilled lizard (D:3)
  6 kobolds
  27 rats
93 creatures vanquished.

Notes
Turn   | Place    | Note
-------+----------+-------------------------------------------
     0 | D:1      | juncz the Djinni Conjurer began the quest for the Orb.
     0 | D:1      | juncz set off with the following spells memorised: Magic
                  | Dart, Searing Ray, Dazzling Flash, Fulminant Prism,
                  | Iskenderun's Mystic Blast.
     0 | D:1      | Reached XP level 1. HP: 15/15 MP: 0/0
   378 | D:1      | Reached XP level 2. HP: 17/22 MP: 0/0
   586 | D:1      | Reached skill level 1 in Fighting
   805 | D:1      | Found a faded altar of an unknown god.
  1355 | D:1      | Reached XP level 3. HP: 26/27 MP: 0/0
  1355 | D:1      | Learned a level 1 spell: Apportation
  1668 | D:2      | Found Afeump's Assorted Antiques.
  1792 | D:2      | Found Seiwelun's Book Boutique.
  1897 | D:2      | Found Baogih's Book Boutique.
  1941 | D:2      | Found Horudghua's Distillery.
  1942 | D:2      | You are sucked into a shaft and drop 1 floor!
  1947 | D:2      | Noticed Sigmund
  1947 | D:2      | Found a white marble altar of Elyvilon.
  2639 | D:2      | Found Megemuj's Assorted Antiques.
  3442 | D:3      | Reached XP level 4. HP: 25/33 MP: 0/0
  4049 | D:3      | Found a glowing golden altar of the Shining One.
  4156 | D:3      | Reached XP level 5. HP: 33/39 MP: 0/0
  4156 | D:3      | Learned a level 2 spell: Scorch
  4384 | D:3      | Noticed a phantom
  4390 | D:3      | Killed a phantom
  4391 | D:3      | Reached XP level 6. HP: 30/46 MP: 0/0
  5620 | D:4      | Noticed Natasha
  5630 | D:4      | Killed Natasha
  5791 | D:4      | Noticed Natasha
  5802 | D:4      | Killed Natasha
  5861 | D:4      | Noticed Natasha
  5870 | D:4      | Killed Natasha
  6221 | D:2      | Bought a smoking brass ring for 130 gold pieces
  6221 | D:2      | Identified the ring "Putag" {*Slow rPois Str+6 Dex+4
                  | Stlth+} (You bought it in a shop on level 2 of the Dungeon)
  6281 | D:5      | Entered Level 5 of the Dungeon
  6305 | D:5      | Noticed Dowan
  6305 | D:5      | Noticed Duvessa
  6316 | D:5      | Killed Dowan
  6317 | D:5      | Reached skill level 1 in Shields
  6317 | D:5      | Reached XP level 7. HP: 35/53 MP: 0/0
  6317 | D:5      | Learned a level 3 spell: Vampiric Draining
  6319 | D:5      | HP: 2/53 [Duvessa/+0 short sword (13)]
  6321 | D:5      | Mangled by Duvessa

Illustrated notes

Levels and vault maps discovered:
D:1:      nzn_arrival_crosshair, layout_rooms, hellmonk_ecumenical_altar_run_dry
D:2:      layout_basic, basic_altar, serial_shops, nicolae_shop_waterfront,
          shop, nicolae_shop_hallway_stairs, shop, nicolae_square_shop,
          hangedman_abyss_or_decor_lesser_grid, uniq_sigmund
D:3:      layout_basic, tso_oasis_becter, minmay_rat_hole
D:4:      layout_cave_pools, uniq_natasha
D:5:      layout_loops_ring, lexackson_kobold_supper, uniq_menkaure,
          uniq_duvessa

Skill      XL: |  1  2  3  4  5  6 |
---------------+-------------------+-----
Fighting       | 1 2 3 4 |  4.4
Spellcasting   | 4 |  4.8
Shields        | 1 |  1.2
Dodging        | |  2.2
Stealth        | |  1.6

Action                   |  1- 3 |  4- 6 |  7- 9 || total
-------------------------+-------+-------+-------++-------
Melee: Staff             |       |     2 |     1 ||     3
 Cast: Magic Dart        |    80 |    99 |     1 ||   180
       Scorch            |       |    20 |     2 ||    22
  Use: Scroll            |     1 |       |       ||     1
       Potion            |     1 |       |       ||     1
Armor: Robe              |     3 |     4 |       ||     7
Dodge: Dodged            |     8 |     7 |     4 ||    19

Table legend: (Time is in decaauts)
 A = Elapsed time spent in this place.
 B = Non-inter-level travel time spent in this place.
 C = Inter-level travel time spent in this place.
 D = Time resting spent in this place.
 E = Time spent auto-exploring this place.
 F = Levels seen in this place.
 G = Mean time per level.
                   A        B        C        D        E       F      G
               +--------+--------+--------+--------+--------+-----+--------+
         Total |   6321 |   6089 |    232 |   2934 |   2577 |   5 | 1264.2 |
       Dungeon |   6321 |   6089 |    232 |   2934 |   2577 |   5 | 1264.2 |
               +--------+--------+--------+--------+--------+-----+--------+

Top non-repeatable levels by time:
     D:1: 2202 daAuts
     D:3: 1915 daAuts
     D:2: 1215 daAuts
     D:4: 949 daAuts
     D:5: 39 daAuts
